Cogmind - Beta 16 @@@ ROGUE MODE // 2025.11.19 @ 16:01:19 Player: guru-sr Result: Destroyed by 1D-L33(R) with Subdweller Laser Performance ------------- Evolutions (0) 0 Regions Visited (2) 400 Robots Destroyed (38) 190 Value Destroyed (821) 821 Prototype IDs (12) 240 Alien Tech Used (0) 0 Bonus (-77) -77 TOTAL SCORE: 1574 Bonus ------- Friendly Fire -77 Cogmind --------- Core Integrity 0/250 Matter 0/300 Energy 194/200 System Corruption 0% Temperature Cool (6) Movement Rolling (175) Ox5 Location -10/Subcaves Parts ------- > --- POWER (1) -------- Subdweller Power Source > --- PROPULSION (2) --- Compact Wheel > --- UTILITY (2) ------ Huge Storage Unit Seismic Detector > --- WEAPON (2) ------- Subdweller Laser Assault Rifle > --- INVENTORY (25) --- Meta Core Light Treads Light Treads Light Treads Light Treads High-capacity Matter Pod (0) Improved Terrain Scanner Core Shielding Core Shielding Core Shielding Makeshift System Restoration Module Rainbow Chip Assault Rifle Subdweller Machine Gun Grenade Launcher Mini Grenade Launcher Mini Grenade Launcher Datajack Mining Laser Peak State ------------ > --- POWER ------------ Light Ion Engine > --- PROPULSION ------- Light Treads Compact Wheel > --- UTILITY ---------- Huge Storage Unit Improved Terrain Scanner > --- WEAPON ----------- Subdweller Laser Beam Cannon > --- INVENTORY -------- Ion Engine Meta Core Light Treads Light Treads Light Treads Light Treads Light Treads Light Treads Compact Wheel Compact Wheel High-capacity Storage Unit High-capacity Matter Pod Seismic Detector Core Shielding Core Shielding Core Shielding Rainbow Chip Assault Rifle Assault Rifle Subdweller Machine Gun Grenade Launcher Mini Grenade Launcher Mini Grenade Launcher Datajack Mining Laser [Rating: 15] Favorites ----------- Power Light Ion Engine Engine Light Ion Engine Propulsion Light Treads Treads Light Treads Wheel Compact Wheel Utility Seismic Detector Device Seismic Detector Storage Huge Storage Unit Protection Core Shielding Weapon Assault Rifle Energy Gun Subdweller Laser Energy Cannon Beam Cannon Ballistic Gun Assault Rifle Launcher Grenade Launcher Special Weapon Mining Laser Build | -11 -10 -10 ------- Run | Yrd Mat Sub Slots Evolved . | . . . Power . | . . . Propulsion . | . . . Utility . | . . . Weapon . | . . . Parts Attached 30 | 8 8 14 Power 4 | 1 . 3 Engine 4 | 1 . 3 Core . | . . . Reactor . | . . . Propulsion 9 | 2 1 6 Treads 5 | 2 . 3 Leg . | . . . Wheel 4 | . 1 3 Hover . | . . . Flight . | . . . Utility 8 | 3 5 . Device 3 | 2 1 . Storage 3 | 1 2 . Processor . | . . . Hackware . | . . . Protection 2 | . 2 . Artifact . | . . . Weapon 9 | 2 2 5 Energy Gun 2 | . . 2 Energy Cannon 1 | . 1 . Ballistic Gun 3 | 2 . 1 Ballistic Cannon . | . . . Launcher 2 | . . 2 Special Weapon 1 | . 1 . Impact Weapon . | . . . Slashing Weapon . | . . . Piercing Weapon . | . . . Special Melee Weapon . | . . . Unidentified Prototypes . | . . . Parts Lost 5 | . . 5 Power 1 | . . 1 Propulsion 3 | . . 3 Utility . | . . . Weapon 1 | . . 1 Highest Loss Streak 2 | . . 2 To Critical Strikes 1 | . . 1 Average Backups 19 | 5 17 24 Power . | . 1 . Propulsion 6 | 1 5 7 Utility 6 | 1 7 7 Weapon 4 | 1 3 6 Tool/Special . | . . . Unused Backups 18 | 1 4 13 Power . | . . . Propulsion 4 | . 1 3 Utility 9 | 1 1 7 Weapon 3 | . 2 1 Tool/Special 2 | . . 2 Average Slot Usage (%) 99 | . 100 99 Engine 13 | . 14 13 Treads 18 | . 23 14 Wheel 9 | . 4 13 Device 13 | . 13 12 Storage 14 | . 14 14 Energy Gun 6 | . . 12 Energy Cannon 6 | . 4 8 Ballistic Gun 12 | . 18 7 Special Weapon 2 | . 4 . Peak Build Rating 15 | 10 10 15 Average Rating 10 | 5 8 12 On Entrance 5 | . 7 9 Avg Prop Armor Cover (%) 13 | . 12 13 Naked Turns . | . . . Heaviest Build 94 | 13 89 94 Greatest Support 40 | 40 40 20 Greatest Overweight (x) 5 | . 5 5 Average Overweight (x) 3 | . 2 4 Largest Inventory Capacity 25 | 8 25 25 Average Capacity 21 | 7 20 25 Most Carried 25 | 8 25 25 Average Carried 19 | 5 17 24 Final Capacity 25 | 8 25 25 Final Carried 25 | 7 25 19 Class Distribution -------------------- 100% | Mutant Dominant Class ---------------- Mutant | -10/Materials Mutant | -10/Subcaves Resources | -11 -10 -10 ----------- Run | Yrd Mat Sub Matter Collected 1005 | 406 260 339 Remotely . | . . . Salvage Created 1039 | 249 385 405 Parts 77 | 26 29 22 Haulers Intercepted 2 | . 2 . Recyclers Shooed . | . . . Parts Field Recycled . | . . . Retrieved Matter . | . . . Parts Self-Destructed 10 | . . 10 Prevented . | . . . Parts Restored . | . . . Kills | -11 -10 -10 ------- Run | Yrd Mat Sub Combat Hostiles Destroyed 21 | . 7 14 Guns 12 | . 5 7 Cannons 4 | . 2 2 AOE 4 | . . 4 Classes Destroyed 12 | 3 5 4 Worker 1 | 1 . . Tunneler 9 | 9 . . Hauler 2 | . 2 . Recycler 1 | 1 . . Operator 1 | . 1 . Watcher 3 | . 3 . Swarmer 6 | . 3 3 Grunt 4 | . 4 . Hunter 2 | . . 2 Programmer 1 | . . 1 Artisan 2 | . . 2 Subdweller 8 | . . 8 Best Kill Streak 4 | 4 3 3 Combat Bots Only 3 | . 3 3 Max Kills in Single Turn 2 | 1 2 1 Gunslinging 1 | . 1 . Exploded 1 | . . 1 Melee . | . . . Uniques/NPCs Destroyed . | . . . Combat | -11 -10 -10 -------- Run | Yrd Mat Sub Hostile Shots Fired 118 | . 15 103 Missed 29 | . 2 27 Hits 89 | . 13 76 Projectile 89 | . 13 76 Critical Strikes 1 | . . 1 Damage Taken 1414 | . 121 1293 Core 258 | . 29 229 Absorbed by Shields . | . . . Redirected to Shielding 26 | . . 26 Regen/Repaired (Parts) 38 | . 38 . Core Remaining (%) 100 | 100 . . Volleys Fired 125 | 21 60 44 Largest 2 | 2 2 2 Hottest 120 | 40 120 120 Shots Fired 213 | 42 86 85 Gun 134 | 42 31 61 Cannon 35 | . 20 15 Launcher 6 | . . 6 Special 38 | . 35 3 Kinetic 83 | 42 31 10 Thermal 124 | . 55 69 Explosive 6 | . . 6 Electromagnetic . | . . . Robot Hit Streak 16 | 7 6 16 Robot Miss Streak 4 | 4 3 3 Penetration Max . | . . . Secondary Targets 1 | . 1 . Max Gunslinging Chain 1 | . 1 . Shots Hit Robots 119 | 26 30 63 Core Hits 54 | 11 17 26 Critical Kills 1 | . . 1 Critical Parts Destroyed . | . . . Critical Strikes 2 | . . 2 Meltdown 1 | . . 1 Destroy 1 | . . 1 Melee Attacks . | . . . Impact . | . . . Slashing . | . . . Piercing . | . . . Sneak Attacks . | . . . Combat Hostiles . | . . . Follow-up Attacks . | . . . Damage Inflicted 2551 | 364 442 1745 Guns 1537 | 364 215 958 Cannons 423 | . 227 196 Explosions 591 | . . 591 Melee . | . . . Ramming . | . . . Kinetic 686 | 364 215 107 Thermal 1274 | . 227 1047 Explosive 591 | . . 591 Electromagnetic . | . . . Impact . | . . . Slashing . | . . . Piercing . | . . . Highest Corruption . | . . . Average Corruption . | . . . Corruption Purged . | . . . Corruption Blocked . | . . . Overload Shots . | . . . Overflow Damage 16 | . . 16 Projectiles . | . . . Explosions 16 | . . 16 Melee . | . . . Knockbacks . | . . . Impact . | . . . Kinetic . | . . . Secondary . | . . . Self-Inflicted Damage . | . . . Shots . | . . . Rammed . | . . . Targets Rammed . | . . . Kicked . | . . . Crushed . | . . . Highest Temperature 126 | . 126 18 Average Temperature 20 | . 21 10 Received Heat Transfer 270 | . 36 234 Siege Activations . | . . . Martial Activations . | . . . Shielding Activations . | . . . Robots Disrupted . | . . . Combat Hostiles . | . . . Robots Corrupted . | . . . Combat Hostiles . | . . . Parts Fried . | . . . Impact Corruptions . | . . . Robots Melted 1 | . . 1 Combat Hostiles 1 | . . 1 Parts Melted 1 | . . 1 Heat Transferred 1938 | . 481 1457 Parts Sabotaged . | . . . Parts Stolen . | . . . Parts Stripped . | . . . Power Chain Reactions . | . . . Alert | -11 -10 -10 ------- Run | Yrd Mat Sub Maximum Alert Level . | . . . Low Security (%) 100 | 100 100 . Level 1 . | . . . Level 2 . | . . . Level 3 . | . . . Level 4 . | . . . Level 5 . | . . . High Security . | . . . Max Security . | . . . Peak Influence 107 | 10 107 . Initial . | . . . Average 24 | 1 28 . Influence Increases 582 | 55 347 180 Destroy 0b10 Robot/C 260 | . 140 120 Destroy 0b10 Robot/NC 80 | 55 25 . Destroy Leader 40 | . 40 . Successful Hack 45 | . 45 . Select Force Hacks 60 | . 60 . Destroy Structure 37 | . 37 . Lose Combat Pursuer 60 | . . 60 Influence Decreases 515 | 55 261 199 Entered New Map 42 | . . 42 Time Decay 423 | 55 261 107 Lost Part 50 | . . 50 Squads Dispatched 2 | . 2 . Investigation 2 | . 2 . Extermination . | . . . Reinforcement . | . . . Assault . | . . . Garrison . | . . . Intercept . | . . . Searches Triggered . | . . . Construction Impeded . | . . . Haulers Reinforced . | . . . Active Scanning Responses . | . . . Cargo Convoy Interrupts . | . . . Stealth | -11 -10 -10 --------- Run | Yrd Mat Sub Distress Signals . | . . . Communications Jammed . | . . . Distress Signals . | . . . Times Spotted 34 | . 12 22 Peak Tracking Total 5 | . 3 5 Tactical Retreats 2 | . . 2 Traps | -11 -10 -10 ------- Run | Yrd Mat Sub Traps Triggered 1 | . . 1 Indirectly . | . . . Trap Hack Attempts . | . . . Triggered . | . . . Disarmed . | . . . Reprogrammed . | . . . Reused . | . . . Traps Extracted . | . . . Installed . | . . . Triggered . | . . . Machines | -11 -10 -10 ---------- Run | Yrd Mat Sub Machines Disabled 2 | . . 2 Max in Single Turn 1 | . . 1 Machines Repaired . | . . . Machines Dismantled . | . . . Machines Sabotaged . | . . . Overloaded Fab Kills . | . . . Hacking | -11 -10 -10 --------- Run | Yrd Mat Sub Machines Accessed 13 | . 11 2 Terminals 8 | . 8 . Fabricators . | . . . Repair Stations 1 | . 1 . Recycling Units 2 | . 2 . Scanalyzers . | . . . Garrison Access . | . . . Total Hacks 52 | . 40 12 Successful 33 | . 21 12 Failed 18 | . 18 . Catastrophic 2 | . 2 . Database Lockouts 1 | . 1 . Manual 28 | . 28 . Terminals 33 | . 33 . Fabricators . | . . . Repair Stations 3 | . 3 . Recycling Units 4 | . 4 . Scanalyzers . | . . . Garrison Access . | . . . Terminal Hacks 20 | . 8 12 Record 11 | . . 11 Robot Analysis 4 | . 4 . Terminal Index 1 | . 1 . Locate Traps 1 | . 1 . Registered Components 1 | . 1 . Zone Layout 1 | . 1 . Proto ID Catalog 1 | . . 1 Fabricator Hacks . | . . . Repair Station Hacks 2 | . 2 . Scan Component 1 | . 1 . Repair 1 | . 1 . Recycling Unit Hacks 2 | . 2 . Report Inventory 2 | . 2 . Scanalyzer . | . . . Garrison Access Hacks . | . . . Unauthorized Hacks 9 | . 9 . Terminals 7 | . 7 . Assimilate 1 | . 1 . Botnet 2 | . 2 . Operators 1 | . 1 . Skim 3 | . 3 . Fabricators . | . . . Repair Stations . | . . . Recycling Units 2 | . 2 . Tunnel 2 | . 2 . Scanalyzers . | . . . Garrison Access . | . . . Data Cores Recovered . | . . . Used . | . . . Hacking Detections 8 | . 8 . Full Trace Events . | . . . Feedback Events . | . . . Feedback Blocked . | . . . Robot Schematics Acquired . | . . . Robots Built . | . . . Authchips . | . . . Time . | . . . Total Robot Build Rating . | . . . Part Schematics Acquired . | . . . Parts Built . | . . . Authchips . | . . . Time . | . . . Total Part Build Rating . | . . . Part Studies Acquired . | . . . Parts Repaired 1 | . 1 . Time 26 | . 26 . Parts Recycled . | . . . Recycled Matter . | . . . Retrieved Matter . | . . . Retrieved Components . | . . . Parts Scanalyzed . | . . . Part Schematics Acquired . | . . . Parts Damaged . | . . . Bothacking | -11 -10 -10 ------------ Run | Yrd Mat Sub Used RIF Installer . | . . . Robots Hacked . | . . . Non-combat . | . . . Combat . | . . . Robot Hacks Applied . | . . . Relay Couplers Released . | . . . Fabnet Peak Effective % . | . . . Robots Rewired . | . . . Allies Hacked . | . . . Hacks Repelled . | . . . Allies | -11 -10 -10 -------- Run | Yrd Mat Sub Total Allies 1 | . 1 . Largest Group 1 | . 1 . Highest-Rated Group 10 | . 10 . Highest-Rated Ally 10 | . 10 . Total Orders 1 | . 1 . STAY 1 | . 1 . Ally Attacks . | . . . Total Damage . | . . . Kills . | . . . Allies Corrupted . | . . . Allies Melted . | . . . Intel | -11 -10 -10 ------- Run | Yrd Mat Sub Active Infowar (turns) 5567 | 47 2756 2764 Terrain 208 | 2 . 206 Seismic 5359 | 45 2756 2558 Robot Analysis Total 4 | . 4 . Derelict Logs Recovered 1 | . . 1 Drone Launches . | . . . Drone Recoveries . | . . . Exploration | -11 -10 -10 ------------- Run | Yrd Mat Sub Turns Passed 6216 | 418 2780 3018 Spaces Moved 2899 | 198 1112 1589 Core 2 | 2 . . Treads 914 | 196 718 . Legs . | . . . Wheels 1983 | . 394 1589 Hover . | . . . Flight . | . . . Fastest Speed 50 | 50 160 150 Average Speed 184 | 158 207 171 Slowest Speed 240 | 160 240 175 Overloaded Moves . | . . . Propulsion Burnouts . | . . . Robots Hopped . | . . . Potential Cave-ins . | . . . Cave-ins Triggered . | . . . Exploration Rate (%) 60 | 9 98 74 Regions Visited 2 Branch Regions 1 Pre-discovered Areas 3 | . 2 1 Known Exits Taken . | . . . Unknown Exits Taken 2 | 1 1 . Scrap Searched . | . . . Spaces Dug 35 | . 35 . Terrain Destroyed 85 | . 35 50 Melee . | . . . Projectile 36 | . 35 1 AOE 49 | . . 49 Terrain Rammed . | . . . Walls Destroyed . | . . . Machines Disabled . | . . . Actions | -11 -10 -10 --------- Run | Yrd Mat Sub Total 3445 | 256 1416 1773 Wait 279 | 21 188 70 Move 2897 | 197 1111 1589 Hop . | . . . Pick Up 43 | 8 24 11 Fast Attach 7 | 7 . . Attach 8 | . . 8 Detach . | . . . Swap 65 | 1 26 38 Drop 21 | 1 7 13 Fire 125 | 21 60 44 Melee . | . . . Ram . | . . . Kick . | . . . Crush . | . . . Escape Stasis . | . . . Rewire . | . . . Trap . | . . . Miscellaneous . | . . . Route ------- -11/Scrapyard -10/Materials (discovered 5 exits: [*Mat x3] / [*Min] / *Sub) -10/Subcaves (discovered 1 exit: [*Mat]) History --------- Turn | Location | Event 18 | -11/Scrapyard | Discovered new exit (range 16) 419 | -11/Scrapyard | Entered Materials 420 | -10/Materials | Build established: Mutant 512 | -10/Materials | Discovered new exit (range 13) 800 | -10/Materials | Discovered new exit (range 15) 1085 | -10/Materials | Discovered new exit (range 8) 1317 | -10/Materials | Central database locked down 1837 | -10/Materials | Discovered new exit (range 3) 2197 | -10/Materials | Discovered new exit (range 12) 2591 | -10/Materials | Repaired Lgt. Treads 3199 | -10/Materials | Entered Subcaves 3419 | -10/Subcaves | A Subdweller sparked back to life 3460 | -10/Subcaves | Found Prototype Power Core 4257 | -10/Subcaves | Learned location of Zion (-7) 4257 | -10/Subcaves | Met a Zionite searching for "candidates" 4386 | -10/Subcaves | Visited 4L-MR0's lab 4401 | -10/Subcaves | Identified Meta Core 4405 | -10/Subcaves | Found Rainbow Chip 4741 | -10/Subcaves | Shifting Twisted Machinery released Battle Cannon 5187 | -10/Subcaves | Shifting Twisted Machinery released Sub. Laser 5188 | -10/Subcaves | Shifting Twisted Machinery released Mak. System Restoration Module 5228 | -10/Subcaves | Learned Materials emergency access door positions 5245 | -10/Subcaves | Ambushed by research squad 5428 | -10/Subcaves | Discovered new exit (range 6) 5460 | -10/Subcaves | Core integrity fell below 50% 5533 | -10/Subcaves | Visited Clippyterm 5538 | -10/Subcaves | Learned Research security intel 5902 | -10/Subcaves | Core integrity fell below 20% 6150 | -10/Subcaves | A swath of the cavern ceiling suddenly collapsed 6217 | -10/Subcaves | Destroyed by 1D-L33(R) with Subdweller Laser Last Messages --------------- 05684_ Acquired Sub. Power Source. 05822_ Sub. Power Source shoots sparks and powers down. 05822_ Dropped Broken Sub. Power Source. 05823_ Subatomizers dissect the Broken Sub. Power Source. 05871_ Acquired 37 matter. 05877_ S-10 Pest destroyed. 05883_ Flight Unit fries itself beyond repair. 05884_ Lgt. Assault Rifle fries itself beyond repair. 05886_ Destroyed Lgt. Ion Engine. 05887_ Sub. Laser destroyed. 05890_ S-10 Pest destroyed. 05899_ Dropped Lgt. Treads. 05901_ Acquired 10 matter. 05902_ Lgt. Assault Rifle fries itself beyond repair. 05945_ Subatomizers dissect the Broken Sub. Power Source. 05957_ Subatomizers dissect the Broken Sub. Power Source, destroying it. A swath of the cavern ceiling suddenly collapses. 06213_ Critical hit (Destroy). 06213_ Com. Wheel destroyed. 06215_ Sub. Monowheel destroyed. Map ----- +----------------------------------------------------+ | ????????????????????????????????????????????????? | | ????????????????????????????????????????????????? | | ????????????????????????????????????????????????? | | ????????????????????????????????????????????????? | | ????????????????????????????????????????????????? | | ????????????????????????????????????????????????? | | ????????????????????????????????????????????????? | | ????????????????????????????????????????????????? | | ????????????????????????????????????????????????? | | ???????????????????????" ??????????????????????? | | ???????????????????????# ??????????????????????? | | ??????????????????????##""#?????????????????????? | | ??????????????????????# "?????????????????????? | | ??????????????????????# "?????????????????????? | | ??????????????????????# ?????????????????????? | | ?????????????????????## RR ?????????????????????? | | ???????????????????### #?????????????????????? | | ???????????????##??# #?????????????????????? | | ???????????????# #??# ###???????????????????? | | ???????????????# #??# "###?????????????????? | | ????????????????# #?# #?????????????????? | | ???????????????## ## ###?????????????????? | | ???????????????# ##??##???????????????? | | ???????????????# #??? #???????????????? | | ???????????????#### ##?? #???????????????# | | ?????????????????## @##??? #???????????????# | | ????????????????## #???# #???????????????# | | ????????????????# #### ##??????????????? | | ????????????????## ## #??????????????? | | ?????????????????## #???????????????? | | ??????????????????## ##???????????????? | | ???????????????????## ####????????????????? | | ????????????????????# #??#########????????? | | ????????????????????## #?## ## ##???????? | | ?????????????????????### #### # #???????? | | ???????????????????????## ### ## #???????? | | ????????????????????????# ## #???????? | | ????????????????######### ###????## | | ???????????????## #?####& | | ???????????????# #### ## ### | | ???????????????# ##??## #### | | ???????????????####### ##???####??# | | ?????????????????????# #???## #### | | ????????????????###### ##??# ## | | ???????????????## ##?# | | ???????????????# ### #### | | ???????????????# #### # #### | | ???????????????# # #### ## ##### ## | | ???????????????#### ## #####???## | | ???????????????##"" ## ####?????# | +----------------------------------------------------+ Best States ------------- Heat Dissipation 25 Energy Generation 15 Energy Capacity 250 Matter Stores 300 Matter Capacity 300 Sight Range 16 Terrain Scan Range 16 Terrain Scan Density 10 Core Shielding 20 Evasion (%) 40 Recoil Reduction 2 Item Schematics ----------------- None Robot Schematics ------------------ None Fabricated ------------ Nothing Repaired ---------- Lgt. Treads | 72% | -10/Materials Studied --------- None Alien Tech Used ----------------- None Achievements -------------- None Challenges ------------ None Game ------ Seed PortableEncryptedRifle Manual? 0 Play Time 00:52:22 Cumulative 44.9 hours Start 2025.11.19 @ 15:09:55 End 2025.11.19 @ 16:01:19 Sessions 1 Manual Loads 0 Difficulty Rogue Special Mode None Game No. 27 Rogue 27 Adventurer 0 Explorer 0 Win Type - Total 1 Types 1/0/0/0/0/0/0/0/0/0 Lore% 22 Gallery% 27 Achievement% 33 Wizard Run 0 Options --------- Layout 0 ASCII 0 Keyboard 0 Movement Mouse Keybinds 0 Fullscreen 1 Font 18/SmallcapsGlow Map View 76x50 Zoom Use 0% Tactical HUD 1 Map Filters NONE Filters NONE Steam 1 RUN: 845c37e4-7ab3-4137-85ce-b5a5a2aebfed